AoeStats
← Mr. Penis

Nomad

508510456Analyzed
4v4 RM · 8d ago on Sep 22, 2026· 21m 58s· 8 players
Game mode
Random Map
Map size
231×231
Population
200
Speed
Normal
Resources
Standard
Victory
Conquest
Starting age
Dark Age
Ending age
Imperial Age
RankedLock teamsTeams togetherTeam positionsShared explorationLock speedFull tech treeHidden civsTurbo modeCheats
Victory
Defeat
🇫🇷 Magyars · France
1381
+12
🇫🇷 Hindustanis · France
1367
+12
🇫🇷 Spanish · France
1330
+14
🇫🇷 Italians · France
1290
+15
🇨🇳 Spanish · China
1309
-14
🇷🇺 Jurchens · Russia
1274
-13
🇳🇱 Malay · Netherlands
1271
-13
1265
-18
Schrutef4rms
5:58 Loom
14:26 Feudal Age
17:59 Castle Age
16:30 Stone Mining
Mr. Penis
12:11 Loom
14:07 Feudal Age
18:12 Castle Age
17:28 Stone Mining
18:31 Double-Bit Axe
19:51 Bow Saw
2468899547
4:03 Loom
15:20 Feudal Age
16:29 Double-Bit Axe
19:25 Castle Age
17:19 Fishing Lines
18:45 Stone Mining
20:34 Bow Saw
20:35 Gillnets
22:32 Medium Warships
GAMARÚS de CAGABANDÚRRIES
4:16 Loom
14:14 Feudal Age
19:08 Castle Age
19:00 Double-Bit Axe
19:11 Fletching
Adriano Del Throw
8:47 Loom
13:00 Feudal Age
19:46 Horse Collar
Glork
5:14 Loom
11:49 Feudal Age
18:03 Double-Bit Axe
21:16 Castle Age
Dango
5:49 Loom
14:18 Feudal Age
16:15 Wheelbarrow
18:22 Castle Age
18:23 Fletching
médjais
4:40 Loom
13:22 Feudal Age
22:33 Castle Age
20:41 Stone Mining
20:59 Fletching
Connection lost

Rejoining the realm…

Still unreachable

The connection could not be restored.

Session expired

The server has moved on; the page needs a fresh start.